[Event "Titled Tuesday Blitz July 4 Early 2023"]
[White "Sanchez, Robert"]
[Black "FromTexas54"]
[WhiteFideId "2034360"]
[WhiteElo "2133"]
[BlackElo "2391"]
[Result "0-1"]
[Round "3"]
[TimeControl "180+2"]
[Date "2023.07.04"]
[WhiteClock "0:01:43"]
[BlackClock "0:01:11"]
[Board "221"]

1. e4 g6 2. d4 Bg7 3. Nc3 d6 4. Be3 a6 5. f3 b5 6. Qd2 Bb7 7. O-O-O Nd7 8. d5 c6 9. dxc6 Bxc6 10. Nce2 Bb7 11. Bd4 Ngf6 12. h4 Rc8 13. Kb1 Nc5 14. Nc1 Ne6 15. Be3 h5 16. Nh3 Qc7 17. Bd3 Nc5 18. Nb3 Na4 19. Bd4 Nc5 20. Rhe1 Ne6 21. Be3 O-O 22. Ng5 Nc5 23. Nh3 Nfd7 24. Rc1 Ne5 25. Be2 Na4 26. Bd4 Nc4 27. Bxc4 bxc4 28. Na1 c3 29. bxc3 Nxc3+ 30. Kb2 Qa5 31. Nb3 Qxa2# 0-1


[Site "https://www.chess.com"]

[Event "Titled Tuesday Blitz July 4 Early 2023"]
[White "Melikhov, Evgeny V."]
[Black "Suduvasachmatai"]
[WhiteFideId "4122046"]
[WhiteElo "2380"]
[BlackElo "2117"]
[Result "1-0"]
[Round "3"]
[TimeControl "180+2"]
[Date "2023.07.04"]
[WhiteClock "0:00:18"]
[BlackClock "0:00:04"]
[Board "223"]

1. d4 d5 2. c4 Nf6 3. Nc3 e6 4. cxd5 exd5 5. Bg5 c5 6. e3 Nc6 7. dxc5 Bxc5 8. Bxf6 Qxf6 9. Qxd5 Bb4 10. Rc1 O-O 11. a3 Be6 12. Qf3 Bxc3+ 13. Rxc3 Qg6 14. Bd3 Qg5 15. Qe4 g6 16. Nf3 Qd8 17. Nd4 Bd5 18. Qg4 Ne5 19. Qe2 Qb6 20. O-O Rac8 21. Rfc1 Rxc3 22. bxc3 Rc8 23. c4 Bxc4 24. Bxc4 Nxc4 25. h4 Qa6 26. h5 b5 27. h6 Nxa3 28. Rxc8+ Qxc8 29. Qb2 Nc4 30. Qxb5 Nd2 31. Qe5 Qc1+ 32. Kh2 Nf1+ 33. Kh3 Kf8 34. Qd6+ Ke8 35. Nc6 Nxe3 36. Qe7# 1-0


[Site "https://www.chess.com"]

[Event "Titled Tuesday Blitz July 4 Early 2023"]
[White "Goldin, Roman"]
[Black "Cramling Bellon, Anna"]
[WhiteFideId "2803860"]
[BlackFideId "32009232"]
[WhiteElo "2377"]
[BlackElo "2082"]
[Result "1-0"]
[Round "3"]
[TimeControl "180+2"]
[Date "2023.07.04"]
[WhiteClock "0:02:20"]
[BlackClock "0:00:47"]
[Board "224"]

1. Nf3 c5 2. e4 e6 3. c3 Nf6 4. e5 Nd5 5. g3 Nc6 6. Bg2 d6 7. exd6 Bxd6 8. O-O O-O 9. Re1 Bd7 10. Na3 a6 11. Nc4 Be7 12. d3 b5 13. Ne3 Bf6 14. h4 Nce7 15. Ng4 Nf5 16. Nxf6+ Qxf6 17. Bg5 Nxc3 18. Qc2 Nd4 19. Nxd4 Qxd4 20. bxc3 1-0


[Site "https://www.chess.com"]

[Event "Titled Tuesday Blitz July 4 Early 2023"]
[White "Barbot, Pierre"]
[Black "Jaivardhan Raj"]
[WhiteFideId "663727"]
[BlackFideId "25744437"]
[WhiteElo "2374"]
[BlackElo "2080"]
[Result "0-1"]
[Round "3"]
[TimeControl "180+2"]
[Date "2023.07.04"]
[WhiteClock "0:00:00"]
[BlackClock "0:00:20"]
[Board "225"]

1. d4 Nf6 2. Nf3 e6 3. Bf4 b6 4. e3 Bb7 5. Nbd2 d5 6. Bd3 Bd6 7. c3 O-O 8. O-O c5 9. Ne5 Ba6 10. Bxa6 Nxa6 11. Qe2 Nc7 12. Bg3 cxd4 13. exd4 Rc8 14. Rae1 Qe8 15. f4 Qb5 16. Qxb5 Nxb5 17. f5 exf5 18. Rxf5 Rfe8 19. Ref1 Re7 20. Bh4 Rce8 21. Bxf6 gxf6 22. Ng4 Kh8 23. Rxf6 Re2 24. R6f2 f5 25. Ne3 R8xe3 26. Rxf5 Rxd2 0-1


[Site "https://www.chess.com"]

[Event "Titled Tuesday Blitz July 4 Early 2023"]
[White "Horokoskii"]
[Black "Fernandez, Michael"]
[BlackFideId "5803560"]
[WhiteElo "2079"]
[BlackElo "2363"]
[Result "0-1"]
[Round "3"]
[TimeControl "180+2"]
[Date "2023.07.04"]
[WhiteClock "0:00:06"]
[BlackClock "0:00:20"]
[Board "226"]

1. d4 d5 2. c4 c6 3. Nc3 Nf6 4. Nf3 e6 5. e3 Nbd7 6. Qc2 Bd6 7. b3 O-O 8. Bb2 b6 9. Bd3 Bb7 10. O-O Rc8 11. Rad1 Qe7 12. e4 dxe4 13. Nxe4 Nxe4 14. Bxe4 Nf6 15. Bd3 c5 16. Rfe1 Bxf3 17. gxf3 cxd4 18. Bxd4 Rfd8 19. Kh1 Kh8 20. Rg1 Nh5 21. Bxh7 Qh4 22. Rg2 Bb8 23. Qe4 Qxe4 24. Bxe4 e5 25. Rg5 Nf6 26. Rdg1 Rxd4 27. Rxg7 Rg8 28. Rxf7 Nxe4 29. fxe4 Rxe4 30. Rb7 Rxg1+ 31. Kxg1 Bd6 32. Rxa7 Re2 33. a3 Bc5 34. b4 Bxf2+ 35. Kf1 Ra2 36. Re7 Bd4 37. Ra7 e4 38. Re7 e3 39. Re4 Rf2+ 40. Ke1 Bc3+ 41. Kd1 Rd2+ 42. Kc1 e2 43. Re3 Rd1+ 44. Kc2 e1=Q 45. Rxe1 Rxe1 46. Kxc3 Kg7 47. c5 bxc5 48. b5 Kf6 49. Kc4 Ke7 50. Kxc5 Kd7 51. h4 Rh1 52. a4 Rxh4 53. a5 Kc7 54. b6+ Kb7 0-1


[Site "https://www.chess.com"]

[Event "Titled Tuesday Blitz July 4 Early 2023"]
[White "Goswami, Vedant"]
[Black "Aanna12"]
[WhiteFideId "5003725"]
[WhiteElo "2360"]
[BlackElo "2072"]
[Result "1-0"]
[Round "3"]
[TimeControl "180+2"]
[Date "2023.07.04"]
[WhiteClock "0:00:47"]
[BlackClock "0:00:00"]
[Board "227"]

1. b3 e5 2. c4 Nc6 3. Bb2 g6 4. Nf3 Bg7 5. d4 exd4 6. e3 Nge7 7. Be2 O-O 8. Nxd4 Nxd4 9. Bxd4 Nc6 10. Bxg7 Kxg7 11. Nc3 d6 12. O-O Be6 13. Qd2 Qh4 14. Rac1 Ne5 15. Nd5 c6 16. Nf4 Qe7 17. Rfd1 Rad8 18. Qc3 Kg8 19. c5 Bf5 20. cxd6 Rxd6 21. Rxd6 Qxd6 22. Rd1 Qe7 23. Qd4 Re8 24. Qxa7 Bg4 25. Bxg4 Nxg4 26. Qd4 Qh4 27. Nh3 Qh5 28. Re1 Qf5 29. f3 Nf6 30. e4 Qe6 31. Rd1 1-0


[Site "https://www.chess.com"]

[Event "Titled Tuesday Blitz July 4 Early 2023"]
[White "Labussiere, Yago"]
[Black "Blackwhite017"]
[WhiteFideId "2186969"]
[WhiteElo "2359"]
[BlackElo "2050"]
[Result "1-0"]
[Round "3"]
[TimeControl "180+2"]
[Date "2023.07.04"]
[WhiteClock "0:01:41"]
[BlackClock "0:00:00"]
[Board "228"]

1. d4 d5 2. c4 c6 3. Nf3 Nf6 4. e3 g6 5. Bd3 Bg7 6. Kf1 O-O 7. g3 Bg4 8. h3 Bxf3 9. Qxf3 Nbd7 10. cxd5 cxd5 11. Kg2 e5 12. Qd1 exd4 13. exd4 Qb6 14. Be3 Qxb2 15. Nd2 b6 16. a4 Qb4 17. Qf3 Rfe8 18. Rhb1 Qd6 19. g4 h5 20. g5 Ne4 21. Bxe4 dxe4 22. Nxe4 Qd5 23. Nd2 Qxf3+ 24. Nxf3 Rad8 25. a5 Re6 26. Rb5 a6 27. Rd5 b5 28. Rc1 Ree8 29. Rc6 Nb8 30. Rxd8 Rxd8 31. Rb6 Bf8 32. Ne5 Bb4 33. Rxb8 Rxb8 34. Nc6 Rc8 35. Nxb4 Rc4 36. Nxa6 Ra4 37. d5 Rxa5 38. Nc5 Ra3 39. d6 Ra8 40. Nb7 1-0


[Site "https://www.chess.com"]

[Event "Titled Tuesday Blitz July 4 Early 2023"]
[White "Rabineau, Clement"]
[Black "Politov, Pavel Y."]
[WhiteFideId "628891"]
[BlackFideId "24110515"]
[WhiteElo "2357"]
[BlackElo "2050"]
[Result "1-0"]
[Round "3"]
[TimeControl "180+2"]
[Date "2023.07.04"]
[WhiteClock "0:00:05"]
[BlackClock "0:00:00"]
[Board "229"]

1. e4 c5 2. c3 Nf6 3. e5 Nd5 4. Bc4 Nb6 5. Bb3 c4 6. Bc2 d5 7. exd6 Qxd6 8. Nf3 e6 9. b3 Be7 10. Na3 cxb3 11. axb3 a6 12. O-O O-O 13. d4 Bd7 14. Nc4 Qc7 15. Qd3 g6 16. Bh6 Rc8 17. Bd2 Nxc4 18. bxc4 Qxc4 19. Qe3 Bf8 20. Rfb1 b5 21. Bd3 Qc7 22. h4 Nc6 23. h5 Ne7 24. Ne5 Nd5 25. Qf3 Be8 26. Be4 Rab8 27. Rb3 Bg7 28. Ng4 f5 29. Bxd5 exd5 30. Nh6+ Bxh6 31. Bxh6 Bf7 32. hxg6 hxg6 33. Rba3 Qc4 34. Bf4 b4 35. cxb4 Rxb4 36. Be5 Rb7 37. Qh3 Qc1+ 38. Kh2 1-0


[Site "https://www.chess.com"]

[Event "Titled Tuesday Blitz July 4 Early 2023"]
[White "Allam, Yara"]
[Black "Sovetbekova, Nurai"]
[WhiteFideId "10615709"]
[BlackFideId "13801910"]
[WhiteElo "2068"]
[BlackElo "2352"]
[Result "0-1"]
[Round "3"]
[TimeControl "180+2"]
[Date "2023.07.04"]
[WhiteClock "0:00:28"]
[BlackClock "0:00:08"]
[Board "230"]

1. e4 c5 2. Nf3 Nc6 3. d4 cxd4 4. Nxd4 Nf6 5. Nc3 e5 6. Nb3 d6 7. f3 Be6 8. Be3 Be7 9. Qd2 d5 10. exd5 Nxd5 11. Nxd5 Qxd5 12. Qxd5 Bxd5 13. O-O-O Bxb3 14. axb3 Rd8 15. Bb5 a6 16. Rxd8+ Bxd8 17. Bxc6+ bxc6 18. Bc5 Be7 19. Bxe7 Kxe7 20. Re1 f6 21. Re4 Kd6 22. Ra4 Ra8 23. b4 Kc7 24. c4 Kb6 25. Kc2 Rd8 26. Kc3 Rd1 27. c5+ Kb7 28. b3 Rc1+ 29. Kd2 Rg1 30. g4 Rg2+ 31. Ke3 Rxh2 32. Ra1 Rb2 33. Rd1 Rxb3+ 34. Kf2 Kc7 35. Ra1 Rxb4 36. Rxa6 Rb5 37. Ra7+ Rb7 38. Ra2 Kd7 39. Rd2+ Kc7 40. Ra2 g6 41. Ra4 Kd7 42. Ra6 Rc7 43. Ra2 Ke6 44. Rd2 Rd7 45. Rc2 Rd5 46. Ke3 f5 47. Rc4 Rd1 48. Ke2 Rg1 49. Ra4 Kd5 50. Ra5 fxg4 51. fxg4 Rxg4 52. Kf3 Rc4 53. Ra7 h5 54. Rg7 Rf4+ 55. Ke3 Rf6 56. Re7 Kxc5 57. Rxe5+ Kd6 58. Rg5 c5 59. Kd3 Kc6 60. Kc4 Rf4+ 61. Kc3 Rg4 62. Re5 Kd6 63. Re2 h4 64. Rf2 g5 65. Rd2+ Kc6 66. Rh2 Rf4 67. Kd3 Kd5 68. Kc3 Rf3+ 69. Kc2 c4 70. Rg2 Rg3 71. Rd2+ Kc5 72. Rh2 h3 73. Rf2 Rg2 0-1


[Site "https://www.chess.com"]

[Event "Titled Tuesday Blitz July 4 Early 2023"]
[White "Semenova, Alina"]
[Black "TomLiu777"]
[WhiteFideId "24113875"]
[WhiteElo "2062"]
[BlackElo "2346"]
[Result "0-1"]
[Round "3"]
[TimeControl "180+2"]
[Date "2023.07.04"]
[WhiteClock "0:01:14"]
[BlackClock "0:00:54"]
[Board "231"]

1. e4 c5 2. Nf3 d6 3. d4 cxd4 4. Nxd4 Nf6 5. Nc3 a6 6. f3 e5 7. Nb3 Be7 8. Be3 O-O 9. Qd2 Be6 10. O-O-O b5 11. g4 Qc7 12. g5 Nfd7 13. Nd5 Bxd5 14. exd5 Nb6 15. h4 Nc4 16. Bxc4 bxc4 17. Na5 Bd8 18. Nc6 Nxc6 19. dxc6 Qxc6 20. Qxd6 Qa4 21. Kb1 c3 22. b3 Qb5 23. Rd5 Qe2 24. Rxe5 Qxf3 25. Bc5 Qxh1+ 0-1


[Site "https://www.chess.com"]

[Event "Titled Tuesday Blitz July 4 Early 2023"]
[White "Winkels, Marcel"]
[Black "Korpics, Zsolt"]
[WhiteFideId "1003887"]
[BlackFideId "705241"]
[WhiteElo "2049"]
[BlackElo "2345"]
[Result "0-1"]
[Round "3"]
[TimeControl "180+2"]
[Date "2023.07.04"]
[WhiteClock "0:00:09"]
[BlackClock "0:00:04"]
[Board "232"]

1. e4 c5 2. Nf3 e6 3. d4 cxd4 4. Nxd4 Nc6 5. Nc3 Qc7 6. g3 a6 7. Bg2 Nf6 8. O-O Nxd4 9. Qxd4 Bc5 10. Bf4 d6 11. Qd3 Ng4 12. Rad1 Ne5 13. Bxe5 dxe5 14. h3 O-O 15. Kh2 b5 16. a3 Bb7 17. f4 Rad8 18. Qf3 exf4 19. gxf4 f5 20. Qe2 fxe4 21. Nxe4 Bxe4 22. Rxd8 Qxd8 23. Qxe4 Qf6 24. f5 Bd6+ 25. Kh1 exf5 26. Qc6 Qe5 27. Qd5+ Qxd5 28. Bxd5+ Kh8 29. Be6 g6 30. Rd1 Be5 31. b3 Kg7 32. c4 bxc4 33. Bxc4 Kf6 34. Bxa6 Ra8 35. Bc4 Rxa3 36. Kg2 Kg5 37. Bg8 h5 38. Rd7 Kf4 39. Rd2 Ke3 40. Rf2 f4 41. Bf7 g5 42. Bxh5 Ke4 43. Bf3+ Kf5 44. Bd5 Bd4 45. Re2 Be3 46. Rc2 Ra1 47. Bc4 Ke4 48. Bb5 f3+ 49. Kg3 f2 50. Kg2 Rb1 51. Rc4+ Kd5 52. Rc3 Bd4 53. Rc2 Ke5 54. Bc4 Ke4 55. Re2+ Be3 56. Rc2 Rg1+ 57. Kh2 Bf4# 0-1


[Site "https://www.chess.com"]

[Event "Titled Tuesday Blitz July 4 Early 2023"]
[White "Vifleemskaia, Svetlana"]
[Black "Guevara Sanchez, Erick Marvin"]
[WhiteFideId "4129490"]
[BlackFideId "6700136"]
[WhiteElo "2336"]
[BlackElo "2048"]
[Result "0-1"]
[Round "3"]
[TimeControl "180+2"]
[Date "2023.07.04"]
[WhiteClock "0:00:46"]
[BlackClock "0:01:17"]
[Board "233"]

1. d4 Nf6 2. c4 e6 3. Nc3 Bb4 4. e3 O-O 5. Ne2 b6 6. a3 Be7 7. d5 Bb7 8. g3 exd5 9. Bg2 Nc6 10. cxd5 Ne5 11. O-O d6 12. h3 Re8 13. f4 Ned7 14. e4 Rc8 15. Nd4 Bf8 16. b4 g6 17. Bb2 Bg7 18. Rc1 Nb8 19. Re1 c6 20. dxc6 Nxc6 21. Ndb5 Re6 22. Kh2 a6 23. Nd4 Nxd4 24. Qxd4 Ng4+ 25. hxg4 Bxd4 26. Red1 Bg7 27. Re1 Re7 28. Red1 Rec7 29. Nd5 Bxd5 30. Rxc7 Rxc7 31. Bxg7 Kxg7 32. Rxd5 Rc2 33. e5 Qa8 34. Kh3 Rxg2 35. Rxd6 Rd2 36. Rxd2 Qh1+ 37. Rh2 Qf1+ 38. Kh4 h6 39. g5 h5 40. a4 Qd1 41. Kh3 Qxa4 42. Kg2 Qxb4 43. Kf3 Qc3+ 44. Ke4 Qc4+ 45. Kf3 Qd3+ 46. Kg2 a5 47. Rh1 Qe4+ 48. Kh2 Qxh1+ 49. Kxh1 a4 0-1


[Site "https://www.chess.com"]

[Event "Titled Tuesday Blitz July 4 Early 2023"]
[White "NtcPou"]
[Black "Toolin, Christopher"]
[BlackFideId "2024543"]
[WhiteElo "2046"]
[BlackElo "2335"]
[Result "0-1"]
[Round "3"]
[TimeControl "180+2"]
[Date "2023.07.04"]
[WhiteClock "0:00:32"]
[BlackClock "0:01:35"]
[Board "234"]

1. e4 c5 2. Nf3 e6 3. g3 Nc6 4. Bg2 d6 5. O-O g6 6. d4 cxd4 7. Nxd4 a6 8. c4 Bg7 9. Be3 Nge7 10. Nc3 O-O 11. Qd2 Qa5 12. Rac1 Rd8 13. Rfd1 Ne5 14. Qe2 Bd7 15. f4 N5c6 16. Nb3 Qc7 17. Rd2 Be8 18. Rcd1 Rac8 19. Na4 Qb8 20. Bb6 Rd7 21. Be3 Rdd8 22. Nb6 Rc7 23. Na4 b5 24. cxb5 axb5 25. Nc3 Nb4 26. Nxb5 Bxb5 0-1


[Site "https://www.chess.com"]

[Event "Titled Tuesday Blitz July 4 Early 2023"]
[White "ilya2700"]
[Black "Chyngyz, Sultai"]
[BlackFideId "13803158"]
[WhiteElo "2030"]
[BlackElo "2331"]
[Result "0-1"]
[Round "3"]
[TimeControl "180+2"]
[Date "2023.07.04"]
[WhiteClock "0:00:02"]
[BlackClock "0:01:28"]
[Board "235"]

1. e4 c5 2. c4 d6 3. Ne2 e5 4. d3 Nc6 5. Nbc3 g6 6. g3 Bg7 7. Bg2 h5 8. O-O h4 9. Nd5 h3 10. Bh1 Be6 11. f4 Bxd5 12. cxd5 Nd4 13. Nxd4 cxd4 14. fxe5 Bxe5 15. Qf3 Qd7 16. Bf4 Bxf4 17. Qxf4 f6 18. Rac1 Kf7 19. e5 dxe5 20. Qxe5 Kg7 21. Qxd4 Rh5 22. d6 Kh8 23. Rc7 Qe6 24. Rxb7 Rd8 25. d7 Re5 26. Rxa7 Kg7 27. Be4 Ne7 28. Rb7 Nc6 29. Bxc6 Qxc6 30. Qf2 Rf5 31. Qe2 Rxf1+ 32. Kxf1 Qh1+ 33. Kf2 Qxh2+ 34. Kf3 Qh1+ 35. Kg4 f5+ 36. Kg5 Qc1+ 37. Kh4 Qh6+ 0-1


[Site "https://www.chess.com"]

[Event "Titled Tuesday Blitz July 4 Early 2023"]
[White "Fajdetic, Hrvoje"]
[Black "Lohani, Sujana"]
[WhiteFideId "14501945"]
[BlackFideId "12311987"]
[WhiteElo "2327"]
[BlackElo "1925"]
[Result "1-0"]
[Round "3"]
[TimeControl "180+2"]
[Date "2023.07.04"]
[WhiteClock "0:00:05"]
[BlackClock "0:00:00"]
[Board "236"]

1. f4 c5 2. Nf3 Nc6 3. e4 a6 4. a4 e6 5. d3 d5 6. e5 Nh6 7. c3 d4 8. c4 Be7 9. Nbd2 O-O 10. Ne4 f6 11. exf6 Bxf6 12. Be2 b6 13. O-O a5 14. Nxf6+ Qxf6 15. Ng5 Bb7 16. Bf3 Nf5 17. Be4 h6 18. Nxe6 Qxe6 19. Bd5 Rae8 20. Re1 Rf6 21. Qg4 Ne3 22. Bxe3 Qxd5 23. cxd5 dxe3 24. dxc6 Bxc6 25. Rac1 Kh7 26. g3 Rd6 27. Qe2 Bxa4 28. b3 Bxb3 29. Qb2 Bd5 30. Qc3 Bf7 31. Rb1 Bg6 32. Rbd1 Bf5 33. Kg2 Bg4 34. Rb1 e2 35. h3 Bh5 36. g4 Bf7 37. Rb2 Bd5+ 38. Kg3 Rde6 39. Rbxe2 Rxe2 40. Rxe2 Rxe2 41. f5 Re3+ 42. Kh4 1-0


[Site "https://www.chess.com"]

[Event "Titled Tuesday Blitz July 4 Early 2023"]
[White "Duarte, Leonardo"]
[Black "Vargas, Mauricio"]
[WhiteFideId "110582"]
[BlackFideId "4404572"]
[WhiteElo "2327"]
[BlackElo "1872"]
[Result "1-0"]
[Round "3"]
[TimeControl "180+2"]
[Date "2023.07.04"]
[WhiteClock "0:00:03"]
[BlackClock "0:00:00"]
[Board "237"]

1. e4 d5 2. exd5 Qxd5 3. Nc3 Qa5 4. d4 c6 5. Bc4 Nf6 6. Bd2 Qc7 7. Nf3 Bg4 8. h3 Bh5 9. g4 Bg6 10. Ne5 e6 11. h4 Be4 12. Nxe4 Nxe4 13. Be3 Nd6 14. Bd3 f6 15. Nf3 Nd7 16. Qe2 O-O-O 17. O-O-O Re8 18. Bf4 e5 19. dxe5 fxe5 20. Nxe5 Nxe5 21. Bxe5 Qa5 22. f4 Qxa2 23. Qf2 Qa1+ 24. Kd2 Qa5+ 25. Bc3 Qb6 26. Qxb6 axb6 27. Rde1 Rd8 28. Kc1 h6 29. h5 b5 30. Re6 Nc4 31. Bf5 Kc7 32. b3 Na3 33. Rhe1 b4 34. Be5+ Kb6 35. Rg6 Rd5 36. Be6 Rd8 37. Bxg7 Bxg7 38. Rxg7 Rde8 39. f5 Rhf8 40. Rf1 Rxe6 41. Rf3 Rd6 42. Rg6 Rfd8 43. Rxd6 Rxd6 44. f6 Rd8 45. f7 Rf8 46. Rf6 Nb5 47. Rxh6 Nd6 48. Rf6 Nc8 49. g5 Kc7 50. g6 Nd6 51. h6 Ne4 52. Rf4 Nd6 53. g7 Rxf7 54. Rxf7+ Nxf7 55. g8=Q 1-0


[Site "https://www.chess.com"]

[Event "Titled Tuesday Blitz July 4 Early 2023"]
[White "Shtompel, Yuriy"]
[Black "Castillo Pena, Patricia Evarista"]
[WhiteFideId "14168278"]
[BlackFideId "6412106"]
[WhiteElo "2325"]
[BlackElo "1844"]
[Result "1-0"]
[Round "3"]
[TimeControl "180+2"]
[Date "2023.07.04"]
[WhiteClock "0:00:31"]
[BlackClock "0:00:09"]
[Board "238"]

1. Nf3 d5 2. g3 Nf6 3. Bg2 c6 4. O-O e6 5. d3 Nbd7 6. Nbd2 Be7 7. e4 dxe4 8. dxe4 e5 9. Re1 O-O 10. h3 Qc7 11. Qe2 b5 12. Nh4 g6 13. Nhf3 Bb7 14. Nb3 a5 15. Bh6 Rfe8 16. Bg5 a4 17. Nbd2 Nc5 18. g4 Ne6 19. Be3 Rad8 20. c3 b4 21. Ng5 Nxg5 22. Bxg5 c5 23. cxb4 cxb4 24. Rac1 Qb8 25. Nc4 Ba6 26. Qf3 Nd7 27. Bxe7 Rxe7 28. Ne3 Nb6 29. Red1 Red7 30. Rxd7 Rxd7 31. Rc6 Qb7 32. Qf6 Bb5 33. Rxb6 1-0


[Site "https://www.chess.com"]

[Event "Titled Tuesday Blitz July 4 Early 2023"]
[White "Nguyen, Ngoc Truong Son"]
[Black "So, Wesley"]
[WhiteFideId "12401110"]
[BlackFideId "5202213"]
[WhiteElo "2903"]
[BlackElo "3097"]
[Result "1-0"]
[Round "4"]
[TimeControl "180+2"]
[Date "2023.07.04"]
[WhiteClock "0:00:08"]
[BlackClock "0:00:05"]
[Board "1"]

1. e4 e5 2. Nf3 Nc6 3. Bc4 Nf6 4. Ng5 d5 5. exd5 Na5 6. Bb5+ c6 7. dxc6 bxc6 8. Bd3 Nd5 9. Nf3 Bd6 10. O-O O-O 11. Re1 f5 12. Nxe5 Qf6 13. Nf3 g5 14. c4 Nf4 15. Bf1 g4 16. d4 gxf3 17. Qxf3 Ne6 18. c5 Bc7 19. b4 Nxd4 20. Qc3 f4 21. Bb2 Rd8 22. Nd2 f3 23. bxa5 fxg2 24. Bc4+ Kf8 25. Re3 Be5 26. Rae1 Ne2+ 27. R1xe2 Bxc3 28. Bxc3 Qg6 29. Rf3+ Bf5 30. Re5 Rxd2 31. Rfxf5+ Kg7 32. Re6+ Kh6 33. Rxg6+ hxg6 34. Bxd2+ 1-0


[Site "https://www.chess.com"]

[Event "Titled Tuesday Blitz July 4 Early 2023"]
[White "Dubov, Daniil"]
[Black "Grandelius, Nils"]
[WhiteFideId "24126055"]
[BlackFideId "1710400"]
[WhiteElo "3088"]
[BlackElo "2899"]
[Result "1/2-1/2"]
[Round "4"]
[TimeControl "180+2"]
[Date "2023.07.04"]
[WhiteClock "0:00:04"]
[BlackClock "0:00:09"]
[Board "2"]

1. e4 c5 2. Nf3 e6 3. d4 cxd4 4. Nxd4 Nc6 5. Nc3 Qc7 6. Be3 a6 7. Qf3 h5 8. Nxc6 Qxc6 9. Bd3 b5 10. O-O Bb7 11. a3 Nf6 12. Rad1 Bd6 13. Bf4 Bxf4 14. Qxf4 Rc8 15. Qg5 Kf8 16. Be2 Qc5 17. h4 Qxg5 18. hxg5 Nxe4 19. Nxe4 Bxe4 20. Rxd7 g6 21. c3 Kg7 22. Rfd1 Rc5 23. f4 h4 24. Bg4 Bf5 25. Bf3 Rc4 26. R1d4 Rxd4 27. Rxd4 Rb8 28. Kf2 Kf8 29. Rd6 a5 30. Ra6 b4 31. cxb4 axb4 32. a4 Rc8 33. Rc6 Rd8 34. Ke1 Bd3 35. Rb6 Rd4 36. Kd2 Bf1+ 37. Ke3 Rc4 38. a5 Rc5 39. a6 Ra5 40. Be2 Bxg2 41. Rxb4 h3 42. Kf2 Bd5 43. Rb8+ Kg7 44. Bf3 Bxf3 45. Kxf3 Rxa6 46. Kg3 Ra4 47. Rb3 Rd4 48. Rf3 Rb4 49. b3 Kf8 50. Kxh3 Ke7 51. Kg3 f6 52. gxf6+ Kxf6 53. Re3 Kf5 54. Re5+ Kf6 55. Re3 Kf5 56. Re5+ Kf6 57. Re3 1/2-1/2


[Site "https://www.chess.com"]

[Event "Titled Tuesday Blitz July 4 Early 2023"]
[White "Kovalenko, Igor"]
[Black "Lazavik, Denis"]
[WhiteFideId "14117908"]
[BlackFideId "13515110"]
[WhiteElo "2877"]
[BlackElo "3055"]
[Result "1/2-1/2"]
[Round "4"]
[TimeControl "180+2"]
[Date "2023.07.04"]
[WhiteClock "0:00:19"]
[BlackClock "0:00:05"]
[Board "3"]

1. c4 Nf6 2. Nc3 e5 3. Nf3 Nc6 4. g3 d5 5. cxd5 Nxd5 6. Bg2 Bc5 7. O-O O-O 8. d3 h6 9. Bd2 Nf6 10. Rc1 Re8 11. a3 a5 12. Ne4 Nxe4 13. dxe4 Bb6 14. e3 Be6 15. Bc3 Qxd1 16. Rfxd1 f6 17. Nd2 Red8 18. Bf1 Kf7 19. Kg2 a4 20. Bb5 Ne7 21. Nc4 Rxd1 22. Rxd1 Bc5 23. Nd2 c6 24. Be2 b5 25. Rc1 Bd6 26. f4 Rb8 27. Nf3 b4 28. axb4 Bxb4 29. f5 Ba2 30. Ra1 Bxc3 31. bxc3 Rb2 32. Kf1 Rb1+ 33. Rxb1 Bxb1 34. Bc4+ Ke8 35. Nd2 Bc2 36. Ke2 Nc8 37. Bd3 Bb3 38. Bc4 Bc2 39. Bd3 Bb3 40. Bc4 Bc2 1/2-1/2


[Site "https://www.chess.com"]

[Event "Titled Tuesday Blitz July 4 Early 2023"]
[White "Sarana, Alexey"]
[Black "Pap, Gyula"]
[WhiteFideId "24133795"]
[BlackFideId "725323"]
[WhiteElo "3044"]
[BlackElo "2860"]
[Result "1-0"]
[Round "4"]
[TimeControl "180+2"]
[Date "2023.07.04"]
[WhiteClock "0:00:13"]
[BlackClock "0:00:03"]
[Board "4"]

1. d4 d5 2. c4 e6 3. Nc3 Nf6 4. cxd5 exd5 5. Bg5 Bb4 6. Qc2 h6 7. Bh4 c5 8. dxc5 Nc6 9. e3 g5 10. Bg3 Ne4 11. Bd3 Nxg3 12. hxg3 d4 13. exd4 Qxd4 14. Ne2 Qxc5 15. O-O O-O 16. Rac1 Be6 17. Bh7+ Kg7 18. Be4 Rac8 19. Qa4 Qa5 20. Qc2 Rfd8 21. Rfd1 Rxd1+ 22. Rxd1 Rd8 23. a3 Rxd1+ 24. Qxd1 Be7 25. Bxc6 bxc6 26. Nd4 Bd7 27. b4 Qe5 28. Nf3 Qd6 29. Qa4 Qc7 30. Qa6 c5 31. Nd5 Qd6 32. Qc4 cxb4 33. axb4 Be6 34. Qc3+ Kg8 35. Nxe7+ Qxe7 36. Nd4 Qd7 37. Qc5 Bd5 38. b5 Kh7 39. Nc6 a6 40. Nb4 Be4 41. f3 Qd1+ 42. Kh2 Bxf3 43. Qf5+ Kg8 44. Qxf3 Qxf3 45. gxf3 axb5 46. g4 Kg7 47. Nd5 Kg6 48. Kg3 h5 49. Kf2 h4 50. Kg2 f6 51. Kh3 Kf7 52. f4 Ke6 53. Nc7+ Kd6 54. Nxb5+ Kc5 55. fxg5 fxg5 56. Nc7 Kd6 57. Ne8+ Ke7 58. Ng7 Kf6 59. Nf5 Ke5 60. Ne3 Kf4 61. Nc4 Ke4 62. Nd6+ Ke5 63. Nb5 Kd5 64. Nc7+ Kd6 65. Ne8+ Ke7 66. Ng7 Kf6 67. Nf5 Ke5 68. Kg2 Kf4 69. Nh6 Ke3 70. Ng8 Kf4 71. Nf6 Ke5 72. Nh5 Ke4 73. Kf2 Kd4 74. Kf3 Ke5 75. Ke3 Kd5 76. Nf6+ Ke5 77. Ne4 h3 78. Nxg5 1-0


[Site "https://www.chess.com"]

[Event "Titled Tuesday Blitz July 4 Early 2023"]
[White "Harsha Bharathakoti"]
[Black "Bluebaum, Matthias"]
[WhiteFideId "5078776"]
[BlackFideId "24651516"]
[WhiteElo "2859"]
[BlackElo "3037"]
[Result "1/2-1/2"]
[Round "4"]
[TimeControl "180+2"]
[Date "2023.07.04"]
[WhiteClock "0:00:07"]
[BlackClock "0:00:05"]
[Board "5"]

1. c4 e6 2. Nf3 d5 3. g3 Nf6 4. Bg2 Nc6 5. O-O Bd6 6. b3 O-O 7. Bb2 d4 8. Nxd4 Nxd4 9. Bxd4 Bxg3 10. hxg3 Qxd4 11. Na3 c6 12. e3 Qd3 13. Qc2 Rd8 14. Qxd3 Rxd3 15. Rfd1 e5 16. Bf1 Rd8 17. f3 c5 18. Nb5 e4 19. Bg2 Bf5 20. Rac1 Rd7 21. Nc3 Rad8 22. Nd5 exf3 23. Bxf3 Be6 24. Nxf6+ gxf6 25. Rc2 b6 26. Kf2 Bf5 27. Rb2 Kg7 28. Ke2 Bd3+ 29. Kf2 f5 30. Rh1 Be4 31. Bxe4 fxe4 32. Ke2 f5 33. g4 fxg4 34. Rh4 h5 35. Rxh5 Kf6 36. a3 g3 37. Rh4 Kg5 38. Rxe4 g2 39. Kf2 Rxd2+ 40. Rxd2 Rxd2+ 41. Kg1 Kf5 42. Rf4+ Ke5 43. Rf7 Ke4 44. Rxa7 Kxe3 45. Rb7 Kf3 46. Rf7+ Ke4 47. Rf6 Rb2 48. Rxb6 Kf3 49. Rf6+ Kg3 50. Rg6+ Kf3 51. Rf6+ Kg3 52. Rg6+ Kf3 53. Rf6+ 1/2-1/2


[Site "https://www.chess.com"]

[Event "Titled Tuesday Blitz July 4 Early 2023"]
[White "Mamedov, Rauf"]
[Black "Samadov, Read"]
[WhiteFideId "13401653"]
[BlackFideId "13417444"]
[WhiteElo "3035"]
[BlackElo "2857"]
[Result "1-0"]
[Round "4"]
[TimeControl "180+2"]
[Date "2023.07.04"]
[WhiteClock "0:00:45"]
[BlackClock "0:00:00"]
[Board "6"]

1. e4 c5 2. Nf3 d6 3. Nc3 Nf6 4. g3 g6 5. Bg2 Nc6 6. O-O Bg7 7. d3 O-O 8. Re1 a6 9. a4 Bg4 10. h3 Bxf3 11. Bxf3 Rb8 12. Bg2 Nd7 13. Ne2 Qc7 14. c3 b5 15. axb5 axb5 16. Be3 b4 17. d4 bxc3 18. bxc3 cxd4 19. cxd4 Nb4 20. Rc1 Qa5 21. Qd2 Qb5 22. Rb1 Qa5 23. Ra1 Qd8 24. Reb1 Nc6 25. Rc1 Rc8 26. e5 Ncxe5 27. dxe5 Nxe5 28. Rxc8 Qxc8 29. Rc1 Qa6 30. Nf4 Rc8 31. Rxc8+ Qxc8 32. Nd5 Kf8 33. Bg5 f6 34. Bh6 Qe6 35. Nf4 Qb3 36. Bxg7+ Kxg7 37. Nd5 Kf7 38. Ne3 Qb1+ 39. Kh2 Kg7 40. Qe2 Qb8 41. Nd5 Qd8 42. f4 Nc6 43. Qe6 Qf8 44. Qd7 Nb8 45. Qb7 Kf7 46. Nc7 Nd7 47. Bd5+ 1-0


[Site "https://www.chess.com"]